 Dungeon Crawl Stone Soup version 0.26-a0-752-gcff87cac9a (webtiles) character file.

Game seed: 17608711058209268971

44 Queen the Gusty (level 3, -1/26 HPs)
             Began as a Draconian Air Elementalist on Nov 6, 2020.
             Slain by a worker ant (5 damage)
             ... on level 2 of the Dungeon.
             The game lasted 00:04:25 (1732 turns).

Queen the Gusty (Draconian Air Elementalist)        Turns: 1732, Time: 00:04:26

Health: -1/26      AC:  5    Str: 10    XL:     3   Next: 39%
Magic:  2/6        EV: 12    Int: 16    God:
Gold:   12         SH:  0    Dex: 11    Spells: 5/6 levels left

rFire    . . .     SeeInvis .   e - -2 dagger (curse)
rCold    . . .     Faith    +   (no shield)
rNeg     . . .     Spirit   .   (armour unavailable)
rPois    .         Reflect  .   (helmet restricted)
rElec    .         Harm     .   (no cloak)
rCorr    .         Rampage  .   (no gloves)
MR       .....                  (no boots)
Stlth    ++........             j - amulet of faith
HPRegen  0.08/turn              k - ring of flight
MPRegen  0.10/turn              (no ring)

@: lethally poisoned (-1 -> -3)
A: unfitting armour, cold-blooded, AC +5
a: Evoke Flight


You were on level 2 of the Dungeon.
You visited 1 branch of the dungeon, and saw 2 of its levels.

You collected 12 gold pieces.

Inventory:

Hand Weapons
 e - a cursed -2 dagger (weapon)
Jewellery
 j - an amulet of faith (around neck)
 k - a ring of flight (left hand)
Scrolls
 a - 4 scrolls of remove curse {unknown}
 b - a scroll of immolation {unknown}
 f - a scroll of fear {unknown}
 g - 2 scrolls of teleportation {unknown}
 h - a scroll of identify {unknown}
Potions
 c - 2 potions of attraction {unknown}
 d - a potion of might {unknown}
 i - 2 potions of curing {unknown}
 l - a potion of ambrosia {unknown}
 m - a potion of lignification {unknown}
 n - a potion of berserk rage {unknown}


   Skills:
 + Level 2.1 Dodging
 - Level 2.0 Stealth
 + Level 2.3 Spellcasting
 + Level 1.7 Conjurations
 * Level 3.6 Air Magic


You had 5 spell levels left.
You knew the following spells:

 Your Spells              Type           Power        Failure   Level
a - Shock                 Conj/Air       ##..         7%          1

Your spell library contained the following spells:

 Spells                   Type           Power        Failure   Level
 Swiftness                Air            ##......     7%          2
 Static Discharge         Conj/Air       ##......     21%         3
 Airstrike                Air            ##........   41%         4
 Lightning Bolt           Conj/Air       ##........   88%         5


Dungeon Overview and Level Annotations

Branches:
Dungeon (2/15)

Altars:
Zin

Shops:
D:2 *


Innate Abilities, Weirdness & Mutations

Your plain brown scales are hard. (AC +5)
You cannot fit into any form of body armour.
You are cold-blooded and may be slowed by cold attacks.


Message History

You feel sick. The worker ant closely misses you.
You feel sick.
You feel sick. The worker ant bites you.
You feel sick. The worker ant bites you.
You feel sick. The worker ant barely misses you.
You feel sick.
You feel sick. The worker ant barely misses you.
You feel sick. The worker ant bites you.
* * * LOW HITPOINT WARNING * * *
Casting: Shock (safe; 7% risk of failure)
Confirm with . or Enter, or press ? or * to list all spells.
Aiming: Shock (safe; 7% risk of failure)
Press: ? - help, Shift-Dir - straight line, f/p - worker ant
Aim: a worker ant (heavily wounded)
The zap hits the worker ant.
The worker ant is severely wounded.
The worker ant bites you.
You die...

#.......# #.# ##..
#.......# #.# ##...
###...#### ##.##
#.... .. ##...##
##... #. #.....#
##.. #. ##...## ##.
#. ##.###########.
#.#####............
#.@B....###########
#########


You could see a worker ant.

Vanquished Creatures
  An adder (D:2)
  An ooze (D:1)
  2 dart slugs
  A leopard gecko (D:2)
  A ball python (D:2)
  A bat (D:1)
  A giant cockroach (D:1)
  4 goblins (D:1)
  4 hobgoblins
  A quokka (D:2)
  2 frilled lizards (D:2)
  2 kobolds (D:1)
  3 rats
24 creatures vanquished.

Vanquished Creatures (others)
  3 plants (D:2)
3 creatures vanquished.

Grand Total: 27 creatures vanquished

Notes
Turn   | Place    | Note
-------+----------+-------------------------------------------
     0 | D:1      | Queen the Draconian Air Elementalist began the quest for
                  | the Orb.
     0 | D:1      | Reached XP level 1. HP: 14/14 MP: 3/3
   413 | D:1      | Reached XP level 2. HP: 15/20 MP: 0/5
  1261 | D:2      | Found Zin's Purification Station.
  1264 | D:2      | Found a glowing silver altar of Zin.
  1283 | D:2      | Reached XP level 3. HP: 26/26 MP: 1/6
  1732 | D:2      | Slain by a worker ant

Illustrated notes

Levels and vault maps discovered:
D:1:      dpeg_arrival_leaves_temple_mockup, layout_basic, serial_rivers,
          chequers_serial_rivers_small_b, chequers_serial_rivers_micro_e,
          chequers_serial_rivers_micro_c, chequers_serial_rivers_small_b,
          minmay_heptomino_h4
D:2:      layout_loops_corners, zin_purify, serial_bayou_ford_a

Skill      XL: |  1  2 |
---------------+-------+-----
Stealth        | 2 |  2.0
Dodging        | 2 |  2.1
Spellcasting   | |  2.3
Conjurations   | |  1.7
Air Magic      | |  3.6

Action                   || total
-------------------------++-------
Melee: Unarmed           ||     9
       Tailslap          ||     3
       Dagger            ||     6
 Cast: Shock             ||    62
Armor: Skin              ||    13
Dodge: Dodged            ||    16

Table legend: (Time is in decaauts)
 A = Elapsed time spent in this place.
 B = Non-inter-level travel time spent in this place.
 C = Inter-level travel time spent in this place.
 D = Time resting spent in this place.
 E = Time spent auto-exploring this place.
 F = Levels seen in this place.
 G = Mean time per level.
                   A        B        C        D        E       F      G
               +--------+--------+--------+--------+--------+-----+--------+
         Total |   1736 |   1711 |     25 |     38 |   1455 |   2 |  868.0 |
       Dungeon |   1736 |   1711 |     25 |     38 |   1455 |   2 |  868.0 |
               +--------+--------+--------+--------+--------+-----+--------+

Top non-repeatable levels by time:
     D:1: 1225 daAuts
     D:2: 511 daAuts
